 Dungeon Crawl Stone Soup version 0.21.0-25-ge575cb9 (webtiles) character file.

36 tidbits the Skirmisher (level 3, -5/35 HPs)
             Began as a Gnoll Wanderer on Jan 26, 2018.
             Killed by divine providence
             ... invoked by an orc priest
              (12 damage)
             ... on level 3 of the Dungeon.
             The game lasted 00:04:09 (377 turns).

tidbits the Skirmisher (Gnoll Wanderer)              Turns: 377, Time: 00:04:10

Health: -5/35      AC:  6    Str: 16    XL:     3   Next: 37%
Magic:  13/13      EV: 10    Int: 15    God:
Gold:   80         SH:  0    Dex: 12    Spells: 3/3 levels left

rFire    . . .     SeeInvis .   a - +2 hand crossbow
rCold    . . .     Gourm    .   (no shield)
rNeg     . . .     Faith    .   h - +0 ring mail
rPois    .         Spirit   .   (no helmet)
rElec    .         Reflect  .   (no cloak)
rCorr    .         Harm     .   (no gloves)
MR       .....                  F - +0 pair of boots
Stlth    +.........             (no amulet)
HPRegen  0.11/turn              i - ring of magical power
MPRegen  0.13/turn              l - ring of flight

@: no status effects
A: distributed training, fangs 1, strong nose
a: Evoke Flight


You were on level 3 of the Dungeon.
You were full.

You visited 1 branch of the dungeon, and saw 3 of its levels.

You collected 80 gold pieces.

Inventory:

Hand Weapons
 a - a +2 hand crossbow (weapon)
 o - a +0 trident
Missiles
 b - 7 bolts (quivered)
 k - 33 arrows
 m - 2 tomahawks
Armour
 e - a +0 robe
 h - a +0 ring mail (worn)
 F - a +0 pair of boots (worn)
Jewellery
 i - a ring of magical power (left hand)
   (You found it on level 1 of the Dungeon)
 l - a ring of flight (right hand)
   (You found it on level 1 of the Dungeon)
Scrolls
 c - a scroll of teleportation
 g - a scroll of identify {unknown}
 j - a scroll of magic mapping {unknown}
Potions
 d - a potion of lignification
 n - a potion of curing {unknown}
Comestibles
 f - a ration


   Skills:
 + Level 6.5 Fighting
 + Level 0.7 Short Blades
 + Level 0.7 Long Blades
 + Level 4.5 Axes
 + Level 0.7 Maces & Flails
 + Level 0.7 Polearms
 + Level 0.7 Staves
 + Level 0.7 Slings
 + Level 0.7 Bows
 + Level 4.5 Crossbows
 + Level 0.7 Throwing
 + Level 2.6 Armour
 + Level 0.7 Dodging
 + Level 2.3 Stealth
 + Level 2.6 Shields
 + Level 0.7 Unarmed Combat
 + Level 0.7 Spellcasting
 + Level 0.5 Conjurations
 + Level 0.5 Hexes
 + Level 0.5 Charms
 + Level 0.5 Summonings
 + Level 0.5 Necromancy
 + Level 0.5 Translocations
 + Level 0.5 Transmutations
 + Level 0.5 Fire Magic
 + Level 0.5 Ice Magic
 + Level 0.5 Air Magic
 + Level 0.5 Earth Magic
 + Level 0.5 Poison Magic
 + Level 0.9 Invocations
 + Level 0.7 Evocations


You had 3 spell levels left.
You didn't know any spells.

Dungeon Overview and Level Annotations

Branches:
Dungeon (3/15)

Altars:


Innate Abilities, Weirdness & Mutations

Your experience applies equally to all skills.
You have very sharp teeth.
Your uncanny sense of smell can sniff out nearby items.


Message History

Aim: a dart slug You shoot a bolt.
The bolt hits the dart slug.
The dart slug is lightly wounded.
The dart slug launches a dart at you. The slug dart hits you!
Firing (i - inventory. (,) - cycle):
b - 19 bolts (quivered)
Press: ? - help, Shift-Dir - straight line, f/p - dart slug
Aim: a dart slug (lightly wounded)
You shoot a bolt.
The bolt hits the dart slug but does no damage.
The dart slug is lightly wounded.
An orc comes into view. It is wielding a trident.
The orc shouts!
Found a ration and a naga barding.
Firing (i - inventory. (,) - cycle):
b - 18 bolts (quivered)
Press: ? - help, Shift-Dir - straight line, f/p - dart slug
Aim: a dart slug (lightly wounded)
You shoot a bolt. The bolt hits the dart slug!
The dart slug is almost dead.
Firing (i - inventory. (,) - cycle):
b - 17 bolts (quivered)
Press: ? - help, Shift-Dir - straight line, p - dart slug You shoot a bolt.
The bolt hits the dart slug!
You kill the dart slug!
An orc comes into view. It is wielding a short sword.
The orc moves out of view.
What are your orders? t - Bark!
Orders for allies: a - Attack new target. r - Retreat! s - Stop attacking. g - Guard the area. f - Follow me.
Anything else - Cancel.
You bark for attention!
You hear a shout!
Firing (i - inventory. (,) - cycle):
b - 16 bolts (quivered)
Press: ? - help, Shift-Dir - straight line, f - orc
Aim: an orc, wielding a trident You shoot a bolt.
The bolt closely misses the orc.
Firing (i - inventory. (,) - cycle):
b - 15 bolts (quivered)
Press: ? - help, Shift-Dir - straight line, f/p - orc
Aim: an orc, wielding a trident You shoot a bolt.
The bolt hits the orc.
The orc is severely wounded.
The orc hits you from afar with a trident!
Firing (i - inventory. (,) - cycle):
b - 14 bolts (quivered)
Press: ? - help, Shift-Dir - straight line, f/p - orc
Aim: an orc, wielding a trident (severely wounded)
You shoot a bolt. The bolt hits the orc.
You kill the orc!
Firing (i - inventory. (,) - cycle):
b - 13 bolts (quivered)
Press: ? - help, Shift-Dir - straight line, f - orc
Aim: an orc, wielding a short sword and wearing a ring mail You shoot a bolt.
The bolt closely misses the orc.
Firing (i - inventory. (,) - cycle):
b - 12 bolts (quivered)
Press: ? - help, Shift-Dir - straight line, f/p - orc
Aim: an orc, wielding a short sword and wearing a ring mail You shoot a bolt.
The bolt hits the orc!
You kill the orc!
An orc priest comes into view. It is wielding a war axe.
Things that are here:
a trident; 2 bolts; an orc corpse Firing (i - inventory. (,) - cycle):
b - 11 bolts (quivered)
Press: ? - help, Shift-Dir - straight line, f - orc priest
Aim: an orc priest, wielding a war axe and wearing a leather armour (hasn't noticed you)
You shoot a bolt. The orc priest shouts!
The bolt hits the orc priest but does no damage.
The orc priest moves out of view.
o - a trident;
b - 12 bolts (gained 2) Firing (i - inventory. (,) - cycle):
b - 12 bolts (quivered)
Press: ? - help, Shift-Dir - straight line, f/p - orc priest
Aim: an orc priest, wielding a war axe and wearing a leather armour You shoot a bolt.
The bolt closely misses the orc priest.
The orc priest mumbles some strange prayers to Beogh against you.
Beogh smites you!
* * * LOW HITPOINT WARNING * * *
Firing (i - inventory. (,) - cycle):
b - 11 bolts (quivered)
Press: ? - help, Shift-Dir - straight line, f/p - orc priest
Aim: an orc priest, wielding a war axe and wearing a leather armour You shoot a bolt.
The bolt closely misses the orc priest.
The orc priest mumbles some strange prayers to Beogh against you.
Beogh smites you!
* * * LOW HITPOINT WARNING * * *
Firing (i - inventory. (,) - cycle):
b - 10 bolts (quivered)
Press: ? - help, Shift-Dir - straight line, f/p - orc priest
Aim: an orc priest, wielding a war axe and wearing a leather armour You shoot a bolt.
The bolt hits the orc priest but does no damage.
Firing (i - inventory. (,) - cycle):
b - 9 bolts (quivered)
Press: ? - help, Shift-Dir - straight line, f/p - orc priest
Aim: an orc priest, wielding a war axe and wearing a leather armour You shoot a bolt.
The bolt hits the orc priest!
The orc priest is almost dead.
Firing (i - inventory. (,) - cycle):
b - 8 bolts (quivered)
Press: ? - help, Shift-Dir - straight line, f/p - orc priest
Aim: an orc priest, wielding a war axe and wearing a leather armour (almost dead)
You shoot a bolt.
The bolt hits the orc priest but does no damage.
The orc priest is almost dead.
The orc priest calls down the wrath of Beogh upon you.
Beogh smites you!
You die...

∆ ##...# ###.#
#.## #..# ##.# ###
#.# .... ###.#
..... ########...#
...(..#o(@.....###
%.(((((.########
.<....### ./...
..(. ... ##


You could see an orc priest.

Vanquished Creatures
  A gnoll (D:1)
  A dart slug (D:3)
  2 orcs (D:3)
  3 bats (D:1)
  A giant cockroach (D:1)
  3 hobgoblins
  4 jackals (D:1)
  2 goblins (D:1)
  2 kobolds
  2 rats
21 creatures vanquished.

Notes
Turn   | Place    | Note
-------+----------+-------------------------------------------
     0 | D:1      | tidbits the Gnoll Wanderer began the quest for the Orb.
     0 | D:1      | tidbits set off with: a +2 hand crossbow, 28 bolts, a scroll of teleportation, a potion of lignification, a +0 robe, a ration
     0 | D:1      | Reached XP level 1. HP: 23/23 MP: 1/1
    36 | D:1      | Reached XP level 2. HP: 26/29 MP: 2/2
   168 | D:1      | Reached XP level 3. HP: 35/35 MP: 3/3
   377 | D:3      | Killed from afar by an orc priest

Action                   || total
-------------------------++-------
 Fire: Hand crossbow     ||    45
  Eat: Ration            ||     1
Armor: Robe              ||     2
       Ring mail         ||     1
Dodge: Dodged            ||     9

Table legend:
 A = Turns spent in this place as a percentage of turns spent in the entire game.
 B = Non-inter-level travel turns spent in this place as a percentage of non-inter-level travel turns spent in the entire game.
 C = Inter-level travel turns spent in this place as a percentage of turns spent in this place.
 D = Turns resting spent in this place as a percentage of non-inter-level travel turns spent in this place.
 E = Turns spent auto-exploring this place as a percentage of non-inter-level travel turns spent in this place.
 F = Non-inter-level travel turns spent in this place divided by the number of levels of this place that you've seen.
                   A       B       C       D       E      F
               +-------+-------+-------+-------+-------+----------------------
         Total | 100.0 | 100.0 |   0.0 |   0.0 |   0.0 | 125.7
       Dungeon | 100.0 | 100.0 |   0.0 |   0.0 |   0.0 | 125.7
               +-------+-------+-------+-------+-------+----------------------

Table legend:
 A = Kills in this place as a percentage of kills in entire the game.
 B = Kills by you in this place as a percentage of kills by you in the entire game.
 C = Kills by friends in this place as a percentage of kills by friends in the entire game.
 D = Other kills in this place as a percentage of other kills in the entire game.
 E = Experience gained in this place as a percentage of experience gained in the entire game.
 F = Experience gained in this place divided by the number of levels of this place that you have seen.
                   A       B       C       D       E      F
               +-------+-------+-------+-------+-------+----------------------
         Total | 100.0 | 100.0 |   N/A |   N/A | 100.0 |  17.3
       Dungeon | 100.0 | 100.0 |   N/A |   N/A | 100.0 |  17.3
               +-------+-------+-------+-------+-------+----------------------

Vault maps used:
D:1:      lightli_arrival_statue_moat
D:2:      nicolae_ashenzari_panopticon, uniq_jessica
D:3:      first_ration
